 Dungeon Crawl Stone Soup version 0.24.0-123-gd5b16e6ec5 (webtiles) character file.

Game seed: 1807296169203806987, levelgen mode: deterministic

48 mortelune the Firebug (level 3, -2/20 HPs)
             Began as a Gargoyle Fire Elementalist on Jan 19, 2020.
             Killed by divine providence
             ... invoked by an orc priest
              (13 damage)
             ... on level 4 of the Dungeon.
             The game lasted 00:02:44 (1477 turns).

mortelune the Firebug (Gargoyle Fire Elementalist)  Turns: 1477, Time: 00:02:44

Health: -2/20      AC:  5    Str: 11    XL:     3   Next: 72%
Magic:  3/6        EV: 12    Int: 16    God:
Gold:   59         SH:  0    Dex: 10    Spells: 3/6 levels left

rFire    . . .     SeeInvis .   h - +0 mace (crush)
rCold    . . .     Gourm    .   (no shield)
rNeg     + + .     Faith    .   a - +0 robe
rPois    ∞         Spirit   .   (no helmet)
rElec    +         Reflect  .   (no cloak)
rCorr    .         Harm     .   (no gloves)
MR       .....                  (no boots)
Stlth    ++........             (no amulet)
HPRegen  0.06/turn              j - ring of positive energy
MPRegen  0.10/turn              (no ring)

@: no status effects
A: negative energy resistance 1, electricity resistance, unbreathing,
petrification resistance, rot immunity, AC +3
a: no special abilities


You were on level 4 of the Dungeon.
You were not hungry.

You visited 1 branch of the dungeon, and saw 3 of its levels.

You collected 59 gold pieces.

Inventory:

Hand Weapons
 d - a +0 dagger
 h - a +0 mace of crushing (weapon)
Armour
 a - a +0 robe (worn)
Jewellery
 j - a ring of positive energy (left hand)
Scrolls
 b - a scroll of immolation {unknown}
 i - a scroll of noise {unknown}
 m - a scroll of remove curse {unknown}
 n - a scroll of teleportation {unknown}
Potions
 e - a potion of cancellation {unknown}
 f - a potion of curing {unknown}
 g - a potion of haste {unknown}
 k - a potion of degeneration {unknown}
 l - a potion of ambrosia {unknown}
Comestibles
 c - 2 rations


   Skills:
 + Level 1.2 Fighting
 - Level 1.5 Dodging
 - Level 2.1 Stealth
 + Level 2.3 Spellcasting
 * Level 2.2 Conjurations
 * Level 3.5 Fire Magic


You had 3 spell levels left.
You knew the following spells:

 Your Spells              Type           Power        Failure   Level  Hunger
a - Flame Tongue          Conj/Fire      ##...        6%          1    #......
b - Throw Flame           Conj/Fire      ##....       9%          2    ###....

Your spell library contained the following spells:

 Spells                   Type           Power        Failure   Level  Hunger
 Conjure Flame            Conj/Fire      ##......     19%         3    ###....
 Inner Flame              Hex/Fire       #.......     28%         3    ###....
 Sticky Flame             Conj/Fire      ##......     52%         4    #####..
 Fireball                 Conj/Fire      ##........   86%         5    ######.


Dungeon Overview and Level Annotations

Branches:
Dungeon (2/15)

Altars:

Annotations:
D:4 1 runed translucent door, Crazy Yiuf


Innate Abilities, Weirdness & Mutations

You are resistant to torment.
Your stone body is resilient. (AC +3)
You are immune to poison.
You resist negative energy. (rN+)
You are resistant to electric shocks. (rElec)
You can survive without breathing.
You are immune to petrification.
You are immune to rotting.


Message History

The orc priest invokes the aid of Beogh against you.
Beogh smites you!
Casting: Flame Tongue (safe; 6% risk of failure)
Confirm with . or Enter, or press ? or * to list all spells.
Aiming: Flame Tongue (safe; 6% risk of failure)
Press: ? - help, Shift-Dir - straight line, f - orc
Aim: an orc, wielding a +0 dagger The flame tongue hits the orc.
The orc is almost dead.
The orc hits you but does no damage.
Casting: Flame Tongue (safe; 6% risk of failure)
Confirm with . or Enter, or press ? or * to list all spells.
Aiming: Flame Tongue (safe; 6% risk of failure)
Press: ? - help, Shift-Dir - straight line, f/p - orc
Aim: an orc, wielding a +0 dagger (almost dead)
The flame tongue misses the orc.
The orc priest calls down the wrath of Beogh upon you.
Beogh smites you!
Ouch! That really hurt!
You die...

##### #).)# #)))# ## )))
#.### #+# #...# ##.#
#...## #)## #...@# ##)#
#..o## #)## #..o# ##)##
#.o)## ### #)..## #....##
#.# #....# #.....## ..#
##..## #..#...## .
..###....#######..oo#....
#)....................o..


You could see an orc priest and 2 orcs.

Vanquished Creatures
  A hound skeleton (D:4)
  An ooze (D:1)
  2 leopard geckos (D:1)
  3 orcs (D:4)
  A giant cockroach (D:1)
  2 goblins (D:1)
  5 hobgoblins (D:1)
  4 jackals (D:1)
  A bat (D:1)
  A frilled lizard (D:1)
  2 kobolds (D:1)
  A rat (D:1)
24 creatures vanquished.

Notes
Turn   | Place    | Note
-------+----------+-------------------------------------------
     0 | D:1      | mortelune the Gargoyle Fire Elementalist began the quest
                  | for the Orb.
     0 | D:1      | Reached XP level 1. HP: 10/10 MP: 3/3
   319 | D:1      | Reached XP level 2. HP: 16/16 MP: 1/5
   381 | D:1      | Learned a level 2 spell: Throw Flame
  1126 | D:1      | Reached skill level 1 in Fighting
  1126 | D:1      | Reached XP level 3. HP: 20/20 MP: 1/6
  1301 | D:2      | You fall into a shaft and drop 2 floors!
  1307 | D:4      | Found a runed translucent door.
  1348 | D:4      | Noticed Crazy Yiuf
  1477 | D:4      | Killed from afar by an orc priest

Levels and vault maps discovered:
D:1:      dpeg_arrival_more_subterranean_lakeside_camping, layout_basic,
          serial_corexii_hall, corexii_hall_statues_s, corexii_hall_statues_t,
          chequers_serial_rivers_large_a
D:2:      layout_basic, first_ration, uniq_sigmund
D:4:      layout_layer_cave, minmay_temple_entry_wispy, enter_ossuary_5,
          minmay_puff, uniq_crazy_yiuf_cottage

Skill      XL: |  1  2 |
---------------+-------+-----
Fighting       | 1 |  1.2
Conjurations   | 2 |  2.2
Dodging        | |  1.5
Stealth        | |  2.1
Spellcasting   | |  2.3
Fire Magic     | |  3.5

Action                   || total
-------------------------++-------
Melee: Dagger            ||    16
       Mace              ||     1
 Cast: Flame Tongue      ||    25
       Throw Flame       ||    14
  Eat: Chunk             ||     3
Armor: Robe              ||    12
Dodge: Dodged            ||    18
